 Dungeon Crawl Stone Soup version 0.28-a0-751-gef3a642a4e (webtiles) character file.

Game seed: 77617521294447088

1504 jasper the Skirmisher (level 8, -4/96 HPs)
             Began as a Demonspawn Cinder Acolyte on Oct 30, 2021.
             Was a Believer of Okawaru.
             Slain by a fire elemental (5 damage)
             ... created by the fiery vengeance of Ignis
             ... on level 6 of the Dungeon.
             The game lasted 00:07:54 (5401 turns).

jasper the Skirmisher (Demonspawn Cinder Acolyte)   Turns: 5401, Time: 00:07:55

Health: -4/96      AC: 24    Str: 14    XL:     8   Next: 52%
Magic:  0/10       EV:  2    Int: 16    God:    Okawaru [**....]
Gold:   167        SH:  6    Dex: 11    Spells: 9/9 levels left

rFire   . . .      SeeInvis .   p - +0 trident
rCold   . . .      Faith    .   s - +1 buckler
rNeg    + . .      Spirit   +   (armour currently unavailable)
rPois   +          Reflect  .   (helmet currently unavailable)
rElec   .          Harm     .   (cloak currently unavailable)
rCorr   .          Rampage  .   (gloves currently unavailable)
Will    +....      NoTele   +   (boots currently unavailable)
Stlth   +++.......              v - amulet "Cuulororoc" {Spirit rN+ Will+ Slay+3}
HPRegen 0.26/turn               e - ring of poison resistance
MPRegen 0.12/turn               (no ring)

@: tree-form, heroic, fire susceptible
A: stationary, stasis, torment immunity, boosted hp, (horns 1), repulsion field
1, demonic magic 1
a: Renounce Religion, Heroism


You were on level 6 of the Dungeon.
You worshipped Okawaru.
Okawaru was pleased with you.
You were a tree.
You visited 2 branches of the dungeon, and saw 8 of its levels.

You collected 167 gold pieces.

Inventory:

Hand Weapons
 a - a -1 short sword of flaming
 d - a +1 short sword of protection
 m - a +2 falchion of distortion
 p - a +0 trident (weapon)
 r - a +0 quarterstaff
 t - a +2 quarterstaff of chaos
Missiles
 f - 71 stones (quivered)
Armour
 b - a +0 robe
 c - a +0 leather armour
 k - a +0 cloak
 l - a +0 chain mail
 o - a +0 ring mail (melded)
 s - a +1 buckler (worn)
 u - a +0 cloak of stealth (melded)
Jewellery
 e - a ring of poison resistance (left branch)
 n - an amulet of reflection
 v - the amulet "Cuulororoc" (around neck) {Spirit rN+ Will+ Slay+3}
   (You acquired it on level 5 of the Dungeon)

   [amulet of guardian spirit]

   It causes incoming damage to be divided between your reserves of health and
   magic.
   Slay:      It affects your accuracy & damage with ranged weapons and melee
   (+3).
   rN:        It protects you from negative energy.
   Will:      It increases your willpower.
Scrolls
 i - a scroll of brand weapon
 j - 2 scrolls of teleportation
Potions
 g - a potion of cancellation


   Skills:
 + Level 5.9(10.9) Fighting
 - Level 2.6(7.6) Short Blades
 * Level 3.4(8.4) Polearms
 + Level 4.4(9.4) Armour
 + Level 4.5(9.5) Dodging
 + Level 2.4(7.4) Shields
 - Level 1.0 Spellcasting
 - Level 2.6 Fire Magic
 + Level 3.5 Invocations


You had 9 spell levels left.
You didn't know any spells.
Your spell library contained the following spells:

 Spells                   Type           Power      Damage    Failure   Level
 Scorch                   Fire           18%        2d5       12%         2


Dungeon Overview and Level Annotations

Branches:
Dungeon (7/15)             Temple (1/1) D:4

Altars:
Ashenzari
Cheibriados
Dithmenos
Elyvilon
Fedhas
Gozag
Hepliaklqana
Kikubaaqudgha
Makhleb
Nemelex Xobeh
Okawaru
Qazlal
Ru
Sif Muna
Trog
Uskayaw
Vehumet
Wu Jian
Xom
Yredelemnul
Zin
The Shining One

Portals:
Abyss: D:4

Annotations:
D:3 3 runed translucent doors, Leeroy's ghost, weakling DrTm
D:4 2 transporters, AlleluiaPinecone's ghost, novice DDFi
D:5 2 runed translucent doors


Innate Abilities, Weirdness & Mutations

You are a tree.
Your roots penetrate the ground, keeping you stationary.
You cannot be teleported.
You are immune to unholy pain and torment.
Your maximum health is greatly increased.
Your equipment is partially melded.
((You have a pair of small horns on your head.))
You are surrounded by a mild repulsion field. (EV +2)
Spells you cast may paralyse adjacent enemies.


Message History

The fire elemental hits you. The fire elemental burns you!
You take 11 damage, and have 23/64 hp.
You now have 2/10 mp.
Your ring mail prevents you from hitting the fire elemental.
Your headbutt misses the fire elemental.
The fire elemental is moderately damaged.
The fire elemental barely misses you. The fire elemental hits you.
The fire elemental burns you!
* * * LOW HITPOINT WARNING * * *
You take 9 damage, and have 14/64 hp.
You miss the fire elemental.
Your headbutt misses the fire elemental.
The fire elemental is moderately damaged.
The fire elemental completely misses you.
Really quaff the potion of lignification?
You turn into a tree.
Your +0 cloak of stealth melds into your body.
Your +0 ring mail melds into your body.
You feel less stealthy.
Your roots penetrate the ground.
The fire elemental hits you. The fire elemental burns you!
* * * LOW HITPOINT WARNING * * *
You now have 17/96 hp.
You gain the combat prowess of a mighty hero.
The fire elemental hits you. The fire elemental burns you!
* * * LOW HITPOINT WARNING * * *
The fire elemental hits you.
You take 3 damage, and have 14/96 hp.
You now have 0/10 mp.
You puncture the fire elemental!
The fire elemental is heavily damaged.
The fire elemental hits you. The fire elemental burns you!
* * * LOW HITPOINT WARNING * * *
You take 9 damage, and have 5/96 hp.
You hit the fire elemental.
The fire elemental is severely damaged.
The fire elemental hits you. The fire elemental burns you!
* * * LOW HITPOINT WARNING * * *
You take 4 damage, and have 1/96 hp.
You puncture the fire elemental!
The fire elemental is almost destroyed.
The fire elemental hits you. The fire elemental burns you!
You die...

### ##############
#.###........○°..##########
#.....##########☼#........#
#..####### #E○☼.......#
.........# ######........#
#.######..
#...♣EE.......#### #.#
#$####.......÷...# #.#
....####......# #.######.
....#.....<...# .........
#........###...# #.#######
#....#... #### #.# ........
#.# ....## #.# ....


You could see 2 fire elementals.

Vanquished Creatures
  Grinder (D:3)
  5 yaks (D:5)
  A black bear (D:5)
  2 scorpions
  A water moccasin skeleton (D:4)
  An orc priest (D:3)
  Crazy Yiuf (D:3)
  A bullfrog skeleton (D:4)
  A centaur skeleton (D:5)
  An iguana (D:5)
  Terence (D:2)
  A scorpion zombie (D:5)
  A howler monkey skeleton (D:4)
  3 adders
  A white imp (D:5)
  A worm (D:2)
  4 dart slugs
  10 orcs
  2 endoplasms
  6 giant cockroaches
  4 goblins
  6 hobgoblins
  9 jackals
  5 kobolds
  2 quokkas
  4 ball pythons
  3 bats
  4 frilled lizards
  3 rats
85 creatures vanquished.

Vanquished Creatures (collateral kills)
  A goblin (D:4)
1 creature vanquished.

Vanquished Creatures (others)
  86 foxfires
86 creatures vanquished.

Grand Total: 172 creatures vanquished

Notes
Turn   | Place    | Note
-------+----------+-------------------------------------------
     0 | D:1      | jasper the Demonspawn Cinder Acolyte began the quest for
                  | the Orb.
     0 | D:1      | Reached XP level 1. HP: 18/18 MP: 2/2
   251 | D:1      | Gained mutation: You are surrounded by a mild repulsion
                  | field. (EV +2) [demonic ancestry]
   251 | D:1      | Reached XP level 2. HP: 24/24 MP: 3/3
   761 | D:2      | Reached skill level 1 in Dodging
   779 | D:2      | Reached skill level 1 in Armour
  1148 | D:2      | Gained mutation: Spells you cast may paralyse adjacent
                  | enemies. [demonic ancestry]
  1148 | D:2      | Reached XP level 3. HP: 29/29 MP: 4/4
  1238 | D:2      | Noticed Terence
  1279 | D:2      | Killed Terence
  1703 | D:2      | Found a shimmering altar of Xom.
  1859 | D:3      | Found a runed translucent gate.
  1859 | D:3      | Found a runed translucent gate.
  1860 | D:3      | Found a runed translucent gate.
  1865 | D:3      | Reached XP level 4. HP: 37/37 MP: 5/5
  1959 | D:3      | Noticed Leeroy's ghost (weakling DrTm)
  2024 | D:3      | Reached skill level 4 in Fighting
  2166 | D:3      | Found a faded altar of an unknown god.
  2194 | D:3      | Noticed Grinder
  2208 | D:3      | Paralysed by Grinder for 4 turns
  2220 | D:3      | Killed Grinder
  2221 | D:3      | Reached XP level 5. HP: 23/43 MP: 6/6
  2221 | D:3      | Gained mutation: You have a pair of small horns on your
                  | head. [demonic ancestry]
  2221 | D:3      | Reached XP level 6. HP: 26/49 MP: 7/7
  2716 | D:3      | Found a runed translucent door.
  2717 | D:3      | Noticed Crazy Yiuf
  2855 | D:3      | Killed Crazy Yiuf
  3318 | D:4      | Reached skill level 5 in Fighting
  3709 | D:4      | Found a one-way gate to the infinite horrors of the Abyss.
  3709 | D:4      | Noticed AlleluiaPinecone's ghost (novice DDFi)
  3712 | D:4      | Found a transporter.
  3728 | D:4      | Found a transporter.
  3796 | D:4      | Found a staircase to the Ecumenical Temple.
  3883 | D:4      | Reached XP level 7. HP: 56/56 MP: 8/8
  3906 | D:4      | Found a shimmering altar of Xom.
  3967 | Temple   | Entered the Ecumenical Temple
  4076 | Temple   | Fell from the grace of Ignis
  4076 | Temple   | Became a worshipper of Warmaster Okawaru
  4125 | D:5      | Entered Level 5 of the Dungeon
  4214 | D:5      | Found a runed translucent door.
  4216 | D:5      | Found a runed translucent door.
  4490 | D:5      | Noticed a yak
  4490 | D:5      | Noticed a yak
  4492 | D:5      | Noticed a yak
  4494 | D:5      | Noticed a yak
  4495 | D:5      | Noticed a yak
  4506 | D:5      | Killed a yak
  4507 | D:5      | Reached skill level 1 in Polearms
  4507 | D:5      | Reached skill level 1 in Shields
  4507 | D:5      | Reached skill level 1 in Invocations
  4512 | D:5      | Killed a yak
  4512 | D:5      | Reached * piety under Okawaru
  4515 | D:5      | Killed a yak
  4516 | D:5      | Reached XP level 8. HP: 46/63 MP: 9/9
  4571 | D:5      | Identified a scroll of acquirement
  4571 | D:5      | Acquired the amulet "Cuulororoc" {Spirit rN+ Will+ Slay+3}
  4867 | D:5      | You fall into a shaft and drop 1 floor!
  4878 | D:6      | Reached ** piety under Okawaru
  5400 | D:6      | HP: 1/96 [fire elemental[the fiery vengeance of Ignis] (4)]
  5401 | D:6      | Slain by a fire elemental

Illustrated notes

Levels and vault maps discovered:
D:1:      onia_arrival_mini_spirals, layout_basic
D:2:      layout_basic, basic_altar, minmay_worlds_worst_comb, uniq_terence
D:3:      layout_basic, dreamdust_ecumenical_altar_hidden_monk_grotto,
          gammafunk_ghost_icy, uniq_crazy_yiuf_cottage, uniq_grinder
D:4:      layout_rooms, mainiacjoe_overflow_alcove_2, minmay_temple_entry_grid,
          gammafunk_ghost_abyssal_escape, grunt_ministairs_3
D:5:      lemuel_insect_pit, layout_rooms, minmay_misc_feat_enclosed
D:6:      layout_rooms
D:7:      layout_loops_ring, minmay_parallelograms
Temple:   kilobyte_greek_temple

Skill      XL: |  1  2  3  4  5  6  7  8 |
---------------+-------------------------+-----
Dodging        | 1 3 4 |  4.5
Armour         | 1 3 4 |  4.4
Fighting       | 4 5 |  5.9
Polearms       | 2 3 |  3.4
Shields        | 1 2 |  2.4
Invocations    | 2 3 |  3.5
Short Blades   | |  2.6
Spellcasting   | |  1.0
Fire Magic     | |  2.6

Action                   |  1- 3 |  4- 6 |  7- 9 || total
-------------------------+-------+-------+-------++-------
Melee: Short sword       |   104 |    21 |       ||   125
       Trident           |       |    89 |   129 ||   218
       Quarterstaff      |       |    14 |       ||    14
       Headbutt          |       |    10 |    16 ||    26
Throw: Stone             |     9 |     1 |       ||    10
Invok: Foxfire Swarm     |     3 |     4 |       ||     7
       Heroism           |       |       |     2 ||     2
  Use: Potion            |     1 |       |     5 ||     6
       Scroll            |       |     7 |     3 ||    10
 Stab: Sleeping          |       |       |     1 ||     1
Armor: Leather armour    |    25 |       |       ||    25
       Ring mail         |       |    29 |    34 ||    63
       Skin              |       |       |    24 ||    24
Dodge: Dodged            |    73 |    74 |    61 ||   208
Block: Other             |       |    26 |       ||    26
       Reflection        |       |     1 |     1 ||     2
       Buckler           |       |    27 |    40 ||    67

Table legend: (Time is in decaauts)
 A = Elapsed time spent in this place.
 B = Non-inter-level travel time spent in this place.
 C = Inter-level travel time spent in this place.
 D = Time resting spent in this place.
 E = Time spent auto-exploring this place.
 F = Levels seen in this place.
 G = Mean time per level.
                   A        B        C        D        E       F      G
               +--------+--------+--------+--------+--------+-----+--------+
         Total |   5466 |   5208 |    258 |   1249 |   2855 |   8 |  683.2 |
       Dungeon |   5320 |   5097 |    223 |   1249 |   2756 |   7 |  760.0 |
        Temple |    145 |    110 |     35 |      0 |     99 |   1 |  145.0 |
               +--------+--------+--------+--------+--------+-----+--------+

Top non-repeatable levels by time:
     D:3: 1455 daAuts
     D:2: 1014 daAuts
     D:5: 956 daAuts
     D:4: 823 daAuts
     D:1: 718 daAuts
     D:6: 209 daAuts
  Temple: 145 daAuts
     D:7: 142 daAuts
